 Dungeon Crawl Stone Soup version 0.26.1-2-gb8aa6d0 (webtiles) character file.

Game seed: 8647434964721691720

28 Ayyar the Caller (level 2, -1/11 HPs)
             Began as a Felid Summoner on June 3, 2021.
             Slain by an adder (4 damage)
             ... on level 2 of the Dungeon.
             The game lasted 00:09:29 (1987 turns).

Ayyar the Caller (Felid Summoner)                   Turns: 1987, Time: 00:09:30

Health: -1/11      AC:  1    Str: 10    XL:     2   Next: 96%
Magic:  5/6        EV: 18    Int: 16    God:
Gold:   132        SH:  0    Dex: 16    Spells: 4/5 levels left
                                        Lives:  0   Deaths: 0

rFire    . . .     SeeInvis +   (weapon unavailable)
rCold    . . .     Faith    .   (shield unavailable)
rNeg     . . .     Spirit   .   (armour unavailable)
rPois    .         Reflect  .   (helmet unavailable)
rElec    .         Harm     .   (cloak unavailable)
rCorr    .         Rampage  .   (gloves unavailable)
Will     .....                  (boots unavailable)
Stlth    +++.......             (no amulet)
HPRegen  0.03/turn              b - +6 ring of strength
MPRegen  0.10/turn              (no ring)

@: quick
A: very small, no armour, no weapons or thrown items, stealth, claws 1, fangs 3,
see invisible, speed 1, shaggy fur 1, sharp paws
a: no special abilities


You were on level 2 of the Dungeon.
You visited 1 branch of the dungeon, and saw 2 of its levels.

You collected 132 gold pieces.

Inventory:

Jewellery
 b - a +6 ring of strength (left paw)
Scrolls
 a - a scroll of remove curse {unknown}
 d - 3 scrolls of teleportation {unknown}
Potions
 c - a potion of attraction {unknown}
 e - a potion of brilliance {unknown}


   Skills:
 + Level 3.0 Dodging
 + Level 3.1 Stealth
 * Level 0.9 Unarmed Combat
 + Level 2.3 Spellcasting
 + Level 4.2 Summonings


You had 4 spell levels left.
You knew the following spells:

 Your Spells              Type           Power        Failure   Level
a - Summon Small Mammal   Summ           60%          3%          1

Your spell library contained the following spells:

 Spells                   Type           Power        Failure   Level
 Call Imp                 Summ           15%          5%          2
 Call Canine Familiar     Summ           15%          11%         3
 Summon Guardian Golem    Hex/Summ       8%           26%         3
 Summon Ice Beast         Ice/Summ       8%           63%         4
 Summon Lightning Spire   Summ/Air       8%           63%         4


Dungeon Overview and Level Annotations

Branches:
Dungeon (2/15)

Altars:


Innate Abilities, Weirdness & Mutations

You cannot wear armour.
You are incapable of wielding weapons or throwing items.
Your paws allow you to move quietly. (Stealth)
You have sharp claws.
You have razor-sharp teeth.
You have supernaturally acute eyesight. (SInv)
You cover ground quickly.
You are covered in fur. (AC +1)
Your sharp claws are effective at attacking unaware monsters.


Message History

The helpless adder fails to defend itself.
You claw the adder!
The adder is almost dead.
The adder closely misses you.
You closely miss the adder. Your bite misses the adder.
The adder is almost dead.
The adder completely misses you. The adder barely misses you.
You scratch the adder but do no damage.
The adder is almost dead.
The adder bites you.
You miss the adder.
The adder is almost dead.
The adder bites you.
You are too injured to fight recklessly!
Casting: Summon Small Mammal (safe; 3% risk of failure)
Confirm with . or Enter, or press ? or * to list all spells.
The adder bites you.
* * * LOW HITPOINT WARNING * * *
The adder bites you.
You die...

###.......#.....#
..
#...#######.....#
#.# ..### #.....#
.. .## ###..## .#
## ##..##.#
##....# #.b.####
##....$# ###
#@##...# ..###
#.S...... ....#
#..#.###. ....##
#..# ..
###..####### ..##
... #....[...##
..# ##
###..#####... .##
...........# ..
####......##


You could see an adder and a friendly bat (summoned).

Vanquished Creatures
  An ooze (D:1)
  A leopard gecko (D:1)
  A bat (D:1)
  A giant cockroach (D:1)
  4 goblins
  3 hobgoblins
  5 kobolds
  2 frilled lizards
  2 rats (D:1)
20 creatures vanquished.

Vanquished Creatures (collateral kills)
  A goblin (D:1)
  A hobgoblin (D:2)
  A quokka (D:2)
  A bat (D:1)
4 creatures vanquished.

Grand Total: 24 creatures vanquished

Notes
Turn   | Place    | Note
-------+----------+-------------------------------------------
     0 | D:1      | Ayyar the Felid Summoner began the quest for the Orb.
     0 | D:1      | Reached XP level 1. HP: 7/7 MP: 4/4
   291 | D:1      | Reached XP level 2. HP: 9/11 MP: 6/6
  1987 | D:2      | Slain by an adder

Illustrated notes

Levels and vault maps discovered:
D:1:      amcnicky_arrival_flooded_fountain, layout_basic
D:2:      layout_rooms, minmay_misc_feat_columns

Skill      XL: |  1  2 |
---------------+-------+-----
Stealth        | 3 |  3.1
Dodging        | 3 |  3.0
Unarmed Combat | |  0.9
Spellcasting   | |  2.3
Summonings     | |  4.2

Action                   || total
-------------------------++-------
Melee: Unarmed           ||    82
       Bite              ||     5
 Cast: Summon Small Mamm ||    12
 Stab: Sleeping          ||     4
Armor: Skin              ||     5
Dodge: Dodged            ||    81
